 Dungeon Crawl Stone Soup version 0.31-a0-229-g1fc7ce93e2 (webtiles) character file.

Game seed: 6769178755515826458

35 qw the Shooter (level 3, -3/29 HPs)
             Began as a Minotaur Hexslinger on July 6, 2023.
             Slain by Terence
             ... wielding a +0 flail
              (7 damage)
             ... on level 2 of the Dungeon.
             The game lasted 00:00:20 (1008 turns).

qw the Shooter (Minotaur Hexslinger)                Turns: 1008, Time: 00:00:20

Health: -3/29      AC:  2    Str: 12    XL:     3   Next: 16%
Magic:  3/3        EV: 12    Int: 10    God:
Gold:   14         SH:  0    Dex: 14    Spells: 3/4 levels left

rFire   . . .        Y - +1 sling
rCold   . . .        (no shield)
rNeg    . . .        c - +0 robe
rPois   .            (helmet restricted)
rElec   .            (no cloak)
rCorr   .            (no gloves)
SInv    .            (no boots)
Will    .....        (no amulet)
Stlth   +            (no ring)
HPRegen 0.24/turn    (no ring)
MPRegen 0.08/turn

%: no passive effects
@: no status effects
A: horns 2, retaliatory headbutt
a: no special abilities


You were on level 2 of the Dungeon.
You visited 1 branch of the dungeon, and saw 2 of its levels.

You collected 40 gold pieces.
You spent 26 gold pieces at shops.


Innate Abilities, Weirdness & Mutations

You have a pair of horns on your head.
You reflexively headbutt those who attack you in melee.


   Skills:
 - Level 2.0 Fighting
 + Level 3.7 Ranged Weapons
 - Level 2.1 Dodging
 - Level 1.0 Spellcasting
 - Level 2.0 Hexes


You had 3 spell levels left.
You knew the following spells:

 Your Spells              Type           Power      Damage    Failure   Level
a - Slow                  Hex            16%        N/A       16%         1

Your spell library contained the following spells:

 Spells                   Type           Power      Damage    Failure   Level
 Inner Flame              Hex/Fire       2%         N/A       56%         3
 Portal Projectile        Hex/Tloc       4%         N/A       56%         3
 Cause Fear               Hex            2%         N/A       83%         4

Inventory:

Hand Weapons
 Y - a +1 sling (weapon)
Armour
 b - a +0 ring mail
 c - a +0 robe (worn)
Scrolls
 a - a scroll of fog {unknown}
 e - 2 scrolls of identify
Potions
 d - a potion of ambrosia {unknown}
 f - a potion of enlightenment {unknown}

Dungeon Overview and Level Annotations

Branches:
Dungeon (2/15)

Altars:

Shops:
D:2 ?

Annotations:
D:2 Terence


Message History

There is an open door, spattered with blood here.
Things that are here:
a +0 dagger; 2 stones; a hobgoblin corpse You now have 14 gold pieces (gained 6).
Found a stone staircase leading up.
Enter note:
Enter note:
There is a stone staircase leading up here.
f - a white potion
Enter note:
Enter note: As you open the door, it creaks loudly!
There is an open door here.
e - 2 scrolls of identify (gained 1) Terence the Incautious comes into view.
He is wielding a +0 flail and wearing a +2 scale mail of poison resistance.
Enter note:
Enter note: You shoot a sling bullet.
The sling bullet hits Terence but does no damage.
Terence shouts!
You shoot a sling bullet.
The sling bullet hits Terence but does no damage.
You shoot a sling bullet. The sling bullet hits Terence.
Terence is lightly wounded.
You shoot a sling bullet.
The sling bullet hits Terence but does no damage.
Terence is lightly wounded.
Terence hits you with a +0 flail.
You shoot a sling bullet.
The sling bullet hits Terence but does no damage.
Terence is lightly wounded.
Terence hits you with a +0 flail!
You shoot a sling bullet. The sling bullet hits Terence.
Terence is moderately wounded.
Terence hits you with a +0 flail. Terence hits you with a +0 flail!
You shoot a sling bullet.
The sling bullet hits Terence but does no damage.
Terence is moderately wounded.
Terence hits you with a +0 flail!
You die...

# ### #####
.##.###...#
........#.#
......#...#
##...###.#########
##.## #.........#
#.# #########@#
#.# #@..# ##'##
#.....# ##...##
.......# #.....##
.##.....#
.......## #
.#...## ........#
...#### ........+
....
........###....


You could see Terence.

Vanquished Creatures
  An adder (D:2)
  2 ball pythons (D:1)
  An endoplasm (D:1)
  A goblin (D:1)
  3 hobgoblins
  4 jackals (D:1)
  4 bats (D:1)
  A frilled lizard (D:2)
  2 kobolds
  6 rats (D:1)
25 creatures vanquished.

Notes
Turn   | Place    | Note
-------+----------+-------------------------------------------
     0 | D:1      | qw the Minotaur Hexslinger began the quest for the Orb.
     0 | D:1      | Reached XP level 1. HP: 16/16 MP: 1/1
     0 | D:1      | 0 ||| qw: Version: 0.3-a-46-gb1f654a
     0 | D:1      | 0 ||| qw: Game counter: 1082
     0 | D:1      | 0 ||| qw: Melee chars always use a shield: true
     0 | D:1      | 0 ||| qw: God list: Okawaru
     0 | D:1      | 0 ||| qw: Allow faded altars: false
     0 | D:1      | 0 ||| qw: Do Orc after clearing Dungeon:15 true
     0 | D:1      | 0 ||| qw: Do second Lair branch before Depths: true
     0 | D:1      | 0 ||| qw: Lair rune preference: random
     0 | D:1      | 0 ||| qw: Goals: Normal
     0 | D:1      | 0 ||| PLANNING D:1-11
   230 | D:1      | Reached skill level 3 in Ranged Weapons
   230 | D:1      | Reached XP level 2. HP: 23/23 MP: 2/2
   705 | D:1      | 705 ||| DROPPING +6 ring of intelligence.
   706 | D:1      | 706 ||| READING scroll labelled VINNIN LEUHYPN.
   707 | D:1      | 707 ||| READING scroll labelled COUSOAXKESIU.
   708 | D:1      | 708 ||| DRINKING 2 bubbling white potions.
   709 | D:1      | 709 ||| DROPPING scroll of poison.
   727 | D:2      | HP: 5/24 [poisoned by an adder]
   729 | D:2      | Reached XP level 3. HP: 4/29 MP: 3/3
   729 | D:2      | 729 ||| DRINKING potion of curing.
   729 | D:2      | 729 ||| (to cure poison)
   879 | D:2      | Found Ziniciat's Magic Scroll Shoppe.
   889 | D:2      | 889 ||| SHOPLISTING 3 scrolls of enchant armour (292 gold,
                  | have 34).
   889 | D:2      | 889 ||| BUYING scroll of identify (26 gold).
   889 | D:2      | Bought a scroll of identify for 26 gold pieces
   889 | D:2      | 889 ||| SHOPLISTING scroll of identify (26 gold, have 8).
  1001 | D:2      | Noticed Terence
  1007 | D:2      | HP: 4/29 [Terence/+0 flail (11)]
  1008 | D:2      | Slain by Terence

Levels and vault maps discovered:
D:1:      dpeg_arrival_oval, layout_basic
D:2:      layout_loops_corners, serial_shops, shop, uniq_terence

Skill      XL: |  1  2 |
---------------+-------+-----
Ranged Weapons | 3 |  3.7
Fighting       | 2 |  2.0
Dodging        | |  2.1
Spellcasting   | |  1.0
Hexes          | |  2.0

Action                     || total
---------------------------++-------
   Fire: Sling             ||    78
    Use: Scroll            ||     2
         Potion            ||     2
 Armour: Robe              ||     4
  Dodge: Dodged            ||    35

Table legend:
 A = Non-vault XP
 B = Vault XP
 C = Vault XP percentage of total XP
 D = Non-vault monster count
 E = Vault monster count
 F = Vault count percentage of total count
                 A         B        C        D         E       F
            +---------+---------+-------+---------+---------+-------
      Total |      50 |       0 |   0.0 |      25 |       0 |   0.0
            +---------+---------+-------+---------+---------+-------
        D:1 |      33 |       0 |   0.0 |      21 |       0 |   0.0
        D:2 |      17 |       0 |   0.0 |       4 |       0 |   0.0
            +---------+---------+-------+---------+---------+-------
